 Dungeon Sprint DCSS version 0.24.0-37-gcf1ca852f1 (webtiles) character file.

Game seed: 7878239784017064074, levelgen mode: deterministic

9633 theswoord the Severer (level 11, -4/104 HPs)
             Began as a Demonspawn Monk on Nov 27, 2019.
             Was the Champion of Kikubaaqudgha.
             Killed from afar by a shadow dragon (25 damage)
             ... with a bolt of negative energy
             ... in the Dungeon (Sprint V: "Ziggurat Sprint").
             The game lasted 00:08:39 (2404 turns).

theswoord the Severer (Demonspawn Monk)             Turns: 2404, Time: 00:08:40

Health: -4/104     AC: 28    Str: 19    XL:     11   Next: 25%
Magic:  11/11      EV:  5    Int:  8    God:    Kikubaaqudgha [******]
Gold:   0          SH:  0    Dex: 19    Spells: 9/10 levels left

rFire    + + +     SeeInvis +   y - +7 executioner's axe (pain)
rCold    . . .     Gourm    .   (shield currently unavailable)
rNeg     + . .     Faith    .   z - +5 crystal plate armour
rPois    +         Spirit   .   (no helmet)
rElec    .         Reflect  .   (no cloak)
rCorr    .         Harm     .   (no gloves)
MR       .....     NoTele   +   (no boots)
Stlth    ..........             m - macabre finger necklace {rN+}
HPRegen  0.27/turn              D - ring of the Ageless Stories {AC+5 Dex+3}
MPRegen  0.12/turn              B - +6 ring of strength
                                k - ring "Fileridgh" {rPois rF+++ AC+4 Int-5 SInv}

@: heavily drained
A: hooves 2, repulsion field 2, demonic guardian 1
a: Receive Corpses, Torment, Renounce Religion


You were in the Dungeon.
You worshipped Kikubaaqudgha.
Kikubaaqudgha was exalted by your worship.
You were very hungry.

You visited 1 branch

Inventory:

Hand Weapons
 a - a +0 hand axe
 y - a +7 executioner's axe of pain (weapon)
Armour
 b - a +0 robe
 z - a +5 crystal plate armour (worn)
Jewellery
 k - the ring "Fileridgh" (on amulet) {rPois rF+++ AC+4 Int-5 SInv}
   (You found it in the Dungeon)

   [ring of protection]

   It affects your AC (+4).
   It affects your intelligence (-5).
   It renders you almost immune to fire.
   It protects you from poison.
   It lets you see invisible.
 m - the macabre finger necklace (around neck) {rN+}
   (You found it in the Dungeon)

   [amulet of nothing]

   It protects you from negative energy.
 A - a +6 ring of dexterity
 B - a +6 ring of strength (right hand)
 C - an uncursed ring of protection from fire
 D - the ring of the Ageless Stories (left hand) {AC+5 Dex+3}
   (You found it in the Dungeon)

   [ring of protection]

   It affects your AC (+5).
   It affects your dexterity (+3).
 F - an uncursed amulet of guardian spirit
Wands
 v - a wand of disintegration (7)
 w - a wand of iceblast (7)
 x - a wand of acid (7)
Scrolls
 i - 3 scrolls of blinking
 p - 4 scrolls of amnesia
 q - 7 scrolls of fog
 r - a scroll of holy word
 s - 5 scrolls of identify
 t - 5 scrolls of remove curse
 u - 2 scrolls of fear
Potions
 d - 9 potions of curing
 e - 4 potions of heal wounds
 f - a potion of haste
 g - 7 potions of magic
 h - 2 potions of berserk rage
 j - 3 potions of brilliance
 l - 4 potions of resistance
 n - 5 potions of agility
 o - 4 potions of might
Comestibles
 c - 6 rations


   Skills:
 + Level 16.1(14.1) Fighting
 + Level 17.3(15.1) Axes
 - Level 2.6(1.2) Dodging
 - Level 1.7(0.3) Stealth
 * Level 11.7(9.9) Necromancy


You had 9 spell levels left.
You knew the following spells:

 Your Spells              Type           Power        Failure   Level  Hunger
a - Animate Skeleton      Necr           N/A          98%         1    ##.....

Your spell library contained the following spells:

 Spells                   Type           Power        Failure   Level  Hunger
 Pain                     Necr           ###.         98%         1    ##.....
 Sublimation of Blood     Necr           ###.......   99%         2    ###....
 Recall                   Summ/Tloc      N/A          100%        3    ####...
 Regeneration             Chrm/Necr      #.........   100%        3    ####...
 Animate Dead             Necr           N/A          100%        4    #####..
 Ice Form                 Ice/Tmut       #.......     100%        4    #####..
 Aura of Abjuration       Summ           #.........   100%        5    ######.
 Borgnjor's Vile Clutch   Necr/Erth      #.........   100%        5    ######.
 Dispel Undead            Necr           ###.....     100%        5    ######.
 Metabolic Englaciation   Hex/Ice        #.........   100%        5    ######.
 Summon Demon             Summ           #.........   100%        5    ######.
 Summon Forest            Summ/Tloc      #.........   100%        5    ######.
 Summon Mana Viper        Hex/Summ       #.......     100%        5    ######.
 Bolt of Cold             Conj/Ice       #.........   100%        6    #######
 Death Channel            Necr           ###.......   100%        6    #######
 Freezing Cloud           Conj/Ice/Air   #.........   100%        6    #######
 Ozocubu's Refrigeration  Ice            #.........   100%        6    #######
 Shadow Creatures         Summ           N/A          100%        6    #######
 Simulacrum               Ice/Necr       #.........   100%        6    #######


Dungeon Overview and Level Annotations

Branches:
Dungeon (1/1)

Altars:
Ashenzari
Cheibriados
Dithmenos
Elyvilon
Fedhas
Gozag
Hepliaklqana
Kikubaaqudgha
Makhleb
Nemelex Xobeh
Okawaru
Qazlal
Ru
Sif Muna
Trog
Uskayaw
Vehumet
Wu Jian
Xom
Yredelemnul
Zin
The Shining One
Beogh
Jiyva
Lugonu

Annotations:
D 1 transporter


Innate Abilities, Weirdness & Mutations

You have hoof-like feet.
You are surrounded by a moderate repulsion field. (EV +3)
A weak demonic guardian rushes to your aid.


Message History

You closely miss the shadow dragon. Your kick misses the shadow dragon.
The shadow dragon is severely wounded.
The shadow dragon bites you!
* * * LOW HITPOINT WARNING * * *
You partially resist.
You feel drained.
* * * LOW HITPOINT WARNING * * *
The shadow dragon claws you but does no damage.
The shadow dragon barely misses you.
You swap places.
Your quasit bites the shadow dragon but does no damage.
Your quasit barely misses the shadow dragon.
Your quasit claws the shadow dragon but does no damage.
The shadow dragon bites your quasit!
The shadow dragon closely misses your quasit.
The shadow dragon claws your quasit!
Your quasit dies!
The shadow dragon breathes negative energy at you.
The bolt of negative energy hits you!! You partially resist.
You feel drained.
You die...
Kikubaaqudgha rasps: "You have failed me!
Welcome... death!"

▓..|}["|..▓..")|:|..▓
▓..|::[)..▓...[[::..▓
▓.........▓.........▓
▓.........▓.........▓
▓.........▓.........▓
▓...D.....▓.........▓
▓.........▓.▓.....▓.▓
▓.▓.....▓.▓....©....▓
▓....©.@..▓▓▓▓▓▓▓▓▓▓▓
▓▓▓▓▓▓▓▓▓▓▓


You could see a shadow dragon.

Vanquished Creatures
  Erolcha (D)
  A two-headed ogre (D)
  2 soul eaters (D)
  2 spriggan druids (D)
  3 cyclopes (D)
  3 draconians (D)
  3 eyes of devastation (D)
  A hornet (D)
  6 merfolk (D)
  A hippogriff (D)
  2 slime creatures (D)
  2 flying skulls (D)
  2 spriggans (D)
  A golden eye (D)
  Duvessa (D)
  A floating eye (D)
  A black bear (D)
  An eye of draining (D)
  2 wolves (D)
  Blork the orc (D)
  Dowan (D)
  6 jellies (D)
  Jessica (D)
  3 mummies (D)
  A white imp (D)
  An ufetubus (D)
  3 oozes (D)
  A spectral adder (D)
  2 adder skeletons (D)
  A spectral bat (D)
  A bat zombie (D)
  A ball python skeleton (D)
  A leopard gecko zombie (D)
60 creatures vanquished.

Vanquished Creatures (collateral kills)
  A merfolk (D)
  Eustachio (D)
2 creatures vanquished.

Vanquished Creatures (others)
  A troll (D)
  A merfolk (D)
2 creatures vanquished.

Grand Total: 64 creatures vanquished

Notes
Turn   | Place    | Note
-------+----------+-------------------------------------------
     0 | D        | theswoord the Demonspawn Monk began the quest for the Orb.
     0 | D        | Reached XP level 1. HP: 18/18 MP: 1/1
     0 | D        | Found a shimmering blue altar of Sif Muna.
     0 | D        | Found a sacrificial altar of Ru.
     0 | D        | Found a bloodstained altar of Trog.
     0 | D        | Found a stormy altar of Qazlal.
     0 | D        | Found an iron altar of Okawaru.
     0 | D        | Found a sparkling altar of Nemelex Xobeh.
     0 | D        | Found a blossoming altar of Fedhas.
     1 | D        | Found the +6 Majin-Bo {vamp, Archmagi MP+6 Int+6}
     1 | D        | Found the +7 great mace "Firestarter" {inner flame, rF++}
     2 | D        | Found a transporter.
     2 | D        | Found an ancient bone altar of Kikubaaqudgha.
     2 | D        | Found a viscous altar of Jiyva.
     2 | D        | Found a corrupted altar of Lugonu.
     2 | D        | Found a hazy altar of Hepliaklqana.
     2 | D        | Found a burning altar of Makhleb.
     2 | D        | Found an opulent altar of Gozag.
    35 | D        | Found the +9 heavy crossbow "Sniper" {velocity, Acc+∞ SInv}
    35 | D        | Found the +10 dark maul {crush}
    35 | D        | Found the +15 Maxwell's patent armour {-Cast -Tele rElec
                  | MR+ rCorr}
    35 | D        | Found the +18 shield of the Gong {rElec rN+ MR+ EV-5}
    35 | D        | Found the cursed +14 obsidian axe {chop, +Fly SInv *Curse}
    36 | D        | Found the +6 shillelagh "Devastator" {shatter}
    36 | D        | Found the +11 plutonium sword {*Contam Stlth-}
    36 | D        | Found the +8 lance "Wyrmbane" {slay drac, rPois rF+ rC+
                  | AC+3}
    36 | D        | Found the +9 sword of Zonguldrok {reap}
    36 | D        | Found the cursed +13 scythe of Curses {drain, *Curse}
    36 | D        | Found the +0 sword of Power
    36 | D        | Found the +7 mace of Variability {chain chaos}
    36 | D        | Found the +7 Singing Sword {slice, sonic wave}
    36 | D        | Found the +8 storm bow {elec, penet}
    38 | D        | Became a worshipper of Kikubaaqudgha
    38 | D        | Reached * piety under Kikubaaqudgha
    38 | D        | Identified Kikubaaqudgha's Reference Book on Stolen Souls
                  | (Kikubaaqudgha gifted it to you in the Dungeon)
    38 | D        | Received a gift from Kikubaaqudgha
    38 | D        | Reached ** piety under Kikubaaqudgha
    64 | D        | Gained mutation: A weak demonic guardian rushes to your
                  | aid. [demonic ancestry]
    64 | D        | Reached XP level 2. HP: 32/32 MP: 2/2
   282 | D        | Entered arena 2.
   282 | D        | Found a transporter.
   283 | D        | Found the macabre finger necklace {rN+}
   284 | D        | Reached skill level 3 in Axes
   322 | D        | Entered arena 3.
   322 | D        | Noticed a draconian
   322 | D        | Noticed a draconian
   322 | D        | Noticed a draconian
   322 | D        | Found a transporter.
   331 | D        | Killed a draconian
   331 | D        | Reached skill level 10 in Fighting
   331 | D        | Reached skill level 9 in Axes
   331 | D        | Gained mutation: You are surrounded by a mild repulsion
                  | field. (EV +2) [demonic ancestry]
   331 | D        | Reached XP level 3. HP: 26/42 MP: 3/3
   331 | D        | Gained mutation: You are surrounded by a moderate repulsion
                  | field. (EV +3) [demonic ancestry]
   331 | D        | Reached XP level 4. HP: 29/48 MP: 4/4
   331 | D        | Reached XP level 5. HP: 33/54 MP: 5/5
   331 | D        | Reached XP level 6. HP: 38/61 MP: 6/6
   336 | D        | Killed a draconian
   336 | D        | Reached *** piety under Kikubaaqudgha
   336 | D        | Identified Kikubaaqudgha's Collected Works on Necromancy
                  | (Kikubaaqudgha gifted it to you in the Dungeon)
   336 | D        | Received a gift from Kikubaaqudgha
   336 | D        | Reached skill level 11 in Axes
   336 | D        | Reached XP level 7. HP: 39/68 MP: 7/7
   344 | D        | Killed a draconian
   344 | D        | Reached skill level 12 in Axes
   344 | D        | Gained mutation: You have large cloven feet. [demonic
                  | ancestry]
   344 | D        | Reached XP level 8. HP: 43/76 MP: 8/8
   518 | D        | Entered arena 4.
   518 | D        | Noticed a cyclops
   518 | D        | Noticed a cyclops
   518 | D        | Noticed a troll
   518 | D        | Noticed a two-headed ogre
   518 | D        | Found a transporter.
   521 | D        | Killed a troll
   526 | D        | Killed a cyclops
   526 | D        | Reached skill level 13 in Axes
   527 | D        | Killed a two-headed ogre
   530 | D        | Killed a cyclops
   530 | D        | Reached **** piety under Kikubaaqudgha
   532 | D        | Got the ring of the Ageless Stories {AC+5 Dex+3}
   841 | D        | Entered arena 5.
   841 | D        | Noticed a merfolk
   841 | D        | Noticed a merfolk
   841 | D        | Noticed a merfolk
   841 | D        | Noticed a merfolk
   841 | D        | Found a transporter.
   854 | D        | Killed a merfolk
   854 | D        | Reached skill level 14 in Axes
   854 | D        | Reached XP level 9. HP: 50/85 MP: 9/9
   858 | D        | Killed a merfolk
   863 | D        | Killed a merfolk
   872 | D        | Killed a merfolk
  1120 | D        | Entered arena 6.
  1120 | D        | Found a transporter.
  1124 | D        | Reached ***** piety under Kikubaaqudgha
  1124 | D        | Reached skill level 15 in Axes
  1132 | D        | Got the ring "Fileridgh" {rPois rF+++ AC+4 Int-5 SInv}
  1162 | D        | Learned a level 1 spell: Animate Skeleton
  1162 | D        | Entered arena 7.
  1162 | D        | Noticed a cyclops
  1162 | D        | Noticed a merfolk
  1162 | D        | Noticed a merfolk
  1162 | D        | Noticed a merfolk
  1162 | D        | Noticed a merfolk
  1163 | D        | Identified the +4 rapier "Gameg" {flame, rF- rC+ Stlth+}
  1163 | D        | Found a transporter.
  1167 | D        | Killed a merfolk
  1174 | D        | Killed a cyclops
  1174 | D        | Killed a merfolk
  1182 | D        | Killed a merfolk
  1182 | D        | Reached ****** piety under Kikubaaqudgha
  1182 | D        | Reached skill level 16 in Axes
  1182 | D        | Gained mutation: You have hoof-like feet. [demonic
                  | ancestry]
  1182 | D        | Reached XP level 10. HP: 34/95 MP: 10/10
  1447 | D        | Identified a +7 executioner's axe of pain (a +5
                  | executioner's axe bloodied by Kikubaaqudgha)
  1447 | D        | Received a gift from Kikubaaqudgha
  1610 | D        | Entered arena 8.
  1610 | D        | Noticed Jessica
  1610 | D        | Noticed Blork the orc
  1610 | D        | Noticed Dowan
  1610 | D        | Noticed Duvessa
  1610 | D        | Noticed Erolcha
  1610 | D        | Noticed Eustachio
  1612 | D        | Found a transporter.
  1614 | D        | Killed Dowan
  1614 | D        | Reached skill level 1 in Necromancy
  1617 | D        | Killed Jessica
  1619 | D        | Killed Erolcha
  1623 | D        | Killed Blork the orc
  1623 | D        | Reached skill level 15 in Fighting
  1624 | D        | Killed Duvessa
  1624 | D        | Reached skill level 5 in Necromancy
  1629 | D        | Killed Eustachio
  1841 | D        | Entered arena 9.
  1841 | D        | Noticed a spriggan rider
  1841 | D        | Noticed a spriggan druid
  1841 | D        | Noticed a spriggan druid
  1842 | D        | Found a transporter.
  1847 | D        | Killed a spriggan druid
  1850 | D        | Killed a spriggan druid
  1973 | D        | Entered arena 10.
  1973 | D        | Noticed an eye of devastation
  1974 | D        | Found a transporter.
  1986 | D        | Killed an eye of devastation
  2161 | D        | Entered arena 11.
  2161 | D        | Noticed an eye of devastation
  2161 | D        | Noticed an eye of devastation
  2162 | D        | Found the +27 Lear's hauberk
  2163 | D        | Found a transporter.
  2165 | D        | Reached skill level 17 in Axes
  2165 | D        | Reached skill level 10 in Necromancy
  2165 | D        | Reached XP level 11. HP: 104/104 MP: 0/11
  2366 | D        | Entered arena 12.
  2366 | D        | Noticed a soul eater
  2367 | D        | Noticed a shadow dragon
  2367 | D        | Noticed a soul eater
  2368 | D        | Found a transporter.
  2381 | D        | Killed a soul eater
  2385 | D        | Killed a soul eater
  2404 | D        | Killed from afar by a shadow dragon

Skill      XL: |  1  2  3  4  5  6  7  8  9 10 11 |
---------------+----------------------------------+-----
Fighting       | 8 10 11 12 13 14 15 16 | 16.1
Axes           | 9 11 12 14 16 17 | 17.3
Necromancy     | 10 11 | 11.7
Dodging        | |  2.6
Stealth        | |  1.7

Action                   |  1- 3 |  4- 6 |  7- 9 | 10-12 || total
-------------------------+-------+-------+-------+-------++-------
Melee: Executioner's axe |     9 |     5 |    55 |    82 ||   151
       Kick              |       |       |    18 |    26 ||    44
Invok: Brand Weapon With |       |       |       |     1 ||     1
  Use: Potion            |     4 |       |     6 |     7 ||    17
       Scroll            |       |       |     1 |       ||     1
 Stab: Distracted        |       |     1 |     1 |     2 ||     4
       Invisible         |       |       |     9 |       ||     9
       Held in net/web   |       |       |     1 |       ||     1
  Eat: Ration            |       |       |       |     1 ||     1
Armor: Crystal plate arm |    25 |     2 |    64 |   134 ||   225
Dodge: Dodged            |     2 |     3 |    30 |    27 ||    62

Levels and vault maps discovered:
D:        sprint_v [room_start, room_1, room_2, room_3, room_4, room_5, room_6,
          room_7, room_8, room_9, room_10, room_11, room_12, room_13, room_14,
          room_15, room_16, room_17, room_18, room_19, room_20, room_21,
          room_22, room_23, room_24, room_25, room_26, room_27]
